 Dungeon Sprint DCSS version 0.31-a0-75-g6fe912e8c5 (webtiles) character file.

Game seed: 765038415246999029

618 fozzywoppz the Fighter (level 7, -8/51 HPs)
             Began as a Gargoyle Monk on May 23, 2023.
             Was a Follower of Okawaru.
             Mangled by Sonja
             ... wielding a +2 short sword of distortion
              (20 damage)
             ... in the Dungeon (Sprint I: "Red Sonja").
             The game lasted 00:02:21 (517 turns).

fozzywoppz the Fighter (Gargoyle Monk)               Turns: 517, Time: 00:02:21

Health: -8/51      AC: 17    Str: 16    XL:     7   Next: 45%
Magic:  6/8        EV: 12    Int: 11    God:    Okawaru [*.....]
Gold:   316        SH:  0    Dex: 12    Spells: 6/6 levels left

rFire   . . .        a - +0 mace
rCold   . . .        d - orb {light}
rNeg    + . .        m - +0 chain mail
rPois   ∞            (no helmet)
rElec   +            (no cloak)
rCorr   .            (no gloves)
SInv    .            (no boots)
Will    .....        (no amulet) Stlth
                     (no ring)
HPRegen 0.28/turn    (no ring)
MPRegen 0.11/turn

%: no teleportation
@: heroic, glowing
A: sickness immunity, AC +4, negative energy resistance 1, electricity
resistance, torment resistance 1, petrification resistance
a: Renounce Religion, Heroism


You were in the Dungeon.
You worshipped Okawaru.
Okawaru was aware of your devotion.
You visited 1 branch You collected 316 gold pieces.

Inventory:

Hand Weapons
 a - a +0 mace (weapon)
Armour
 b - a +0 robe
 d - an orb of light (worn)
 m - a +0 chain mail (worn)
Wands
 k - a wand of paralysis (1)
 n - a wand of flame (20)
Scrolls
 j - a scroll of blinking
Potions
 c - a potion of ambrosia
 e - a potion of curing
 f - a potion of heal wounds
 g - a potion of haste
 h - 2 potions of magic
 i - a potion of berserk rage
 l - a potion of degeneration {unknown}


   Skills:
 + Level 9.1(14.1) Fighting
 + Level 8.3(13.3) Maces & Flails
 + Level 8.4(13.4) Armour
 + Level 6.9(11.9) Dodging
 + Level 2.5 Invocations


You had 6 spell levels left.
You didn't know any spells.
Your spell library was empty.

Dungeon Overview and Level Annotations

Branches:
Dungeon (1/1)

Altars:
Cheibriados
Dithmenos
Elyvilon
Fedhas
Gozag
Hepliaklqana
Kikubaaqudgha
Makhleb
Nemelex Xobeh
Okawaru
Qazlal
Ru
Sif Muna
Trog
Uskayaw
Vehumet
Wu Jian
Xom
Yredelemnul
Zin
The Shining One
Jiyva
Lugonu

Shops:
D [

Annotations:
D Sonja


Innate Abilities, Weirdness & Mutations

You are immune to sickness and miasma.
Your stone body is resilient. (AC +4)
You are immune to poison.
You resist negative energy. (rN+)
You are resistant to electric shocks. (rElec)
You are resistant to unholy torment.
You are immune to petrification.


Message History

HP restored.
There is an open door here.
There is an open door here.
You see here a +0 club.
There is a shimmering blue altar of Sif Muna here.
Okay, then.
You open the door.
Sonja, the Graceful Assassin comes into view.
She is wielding a +2 short sword of distortion and quivering curare-tipped darts.
Sonja shouts!
Sonja throws a curare-tipped dart.
The curare-tipped dart hits you.
Found 108 gold pieces.
You gain the combat prowess of a mighty hero.
Sonja hits you but does no damage. x2; Sonja barely misses you.
Sonja hits you but does no damage. Space warps around you!
Sonja hits you with a +2 short sword of distortion.
Sonja closely misses you.
There is an open door here.
You hit Sonja.
Sonja is lightly wounded.
Sonja hits you but does no damage. Space warps around you.
Sonja hits you but does no damage. Space warps around you.
Sonja hits you with a +2 short sword of distortion.
You closely miss Sonja.
Sonja is lightly wounded.
Sonja closely misses you. Sonja hits you but does no damage.
Space warps horribly around you! Sonja barely misses you.
You thump Sonja!
Sonja is heavily wounded.
Sonja misses you. x3
You hit Sonja.
Sonja is heavily wounded.
Sonja hits you with a +2 short sword of distortion.
Space warps around you.
* * * LOW HITPOINT WARNING * * *
Sonja closely misses you. Sonja completely misses you.
You miss Sonja.
Sonja is heavily wounded.
Sonja misses you. Sonja barely misses you. Sonja hits you but does no damage.
Space warps horribly around you!!
You die...

#<.#..)..#.)'..#__#
#..)..#..'..#..'..+
#..#####'#####'#__#
#..####..#...#.####
#..#__####..##)#
#..#_____##'#_.+
#⌠⌠#_.∩...÷..._#
####_..__##_.#'#
#_____###@#)#
####### #K### $.$
#$.$# ##.## #+#


You could see Sonja.

Vanquished Creatures
  A slime creature (D)
  Sigmund (D)
  A yak (D)
  An ogre (D)
  A jelly (D)
  Ijyb (D)
6 creatures vanquished.

Notes
Turn   | Place    | Note
-------+----------+-------------------------------------------
     0 | D        | fozzywoppz the Gargoyle Monk began the quest for the Orb.
     0 | D        | Reached XP level 1. HP: 14/14 MP: 1/1
     2 | D        | Noticed Ijyb
     7 | D        | Paralysed by Ijyb for 2 turns
    14 | D        | Paralysed by Ijyb for 2 turns
    18 | D        | Paralysed by Ijyb for 4 turns
    24 | D        | Killed Ijyb
    25 | D        | Reached skill level 4 in Fighting
    25 | D        | Reached XP level 2. HP: 12/20 MP: 2/2
    61 | D        | Noticed an ogre
    74 | D        | Killed an ogre
    75 | D        | Reached skill level 6 in Fighting
    75 | D        | Reached skill level 5 in Maces & Flails
    75 | D        | Reached XP level 3. HP: 16/27 MP: 3/3
    75 | D        | Reached XP level 4. HP: 19/32 MP: 4/4
   138 | D        | Noticed Sigmund
   150 | D        | Killed Sigmund
   151 | D        | Reached skill level 7 in Fighting
   151 | D        | Reached skill level 5 in Dodging
   151 | D        | Reached XP level 5. HP: 36/38 MP: 5/5
   151 | D        | Reached XP level 6. HP: 41/44 MP: 6/6
   164 | D        | Found an ornate altar of the Wu Jian Council.
   164 | D        | Found a shimmering blue altar of Sif Muna.
   173 | D        | Found a radiant altar of Vehumet.
   261 | D        | Found Pietou's Armour Emporium.
   261 | D        | Found an ancient bone altar of Kikubaaqudgha.
   261 | D        | Found a hazy altar of Hepliaklqana.
   261 | D        | Found a stormy altar of Qazlal.
   261 | D        | Found a hide-covered altar of Uskayaw.
   261 | D        | Found a blossoming altar of Fedhas.
   261 | D        | Found a bloodstained altar of Trog.
   261 | D        | Found an iron altar of Okawaru.
   261 | D        | Found a basalt altar of Yredelemnul.
   261 | D        | Found a glowing golden altar of the Shining One.
   261 | D        | Found a snail-covered altar of Cheibriados.
   261 | D        | Found a sacrificial altar of Ru.
   261 | D        | Found a glowing silver altar of Zin.
   261 | D        | Found a shadowy altar of Dithmenos.
   261 | D        | Found a white marble altar of Elyvilon.
   261 | D        | Noticed a yak
   272 | D        | Killed a yak
   273 | D        | Reached skill level 8 in Fighting
   273 | D        | Reached XP level 7. HP: 30/50 MP: 7/7
   273 | D        | Found an opulent altar of Gozag.
   274 | D        | Found a sparkling altar of Nemelex Xobeh.
   285 | D        | Became a worshipper of Warmaster Okawaru
   285 | D        | Reached * piety under Okawaru
   285 | D        | Reached ** piety under Okawaru
   342 | D        | Found a burning altar of Makhleb.
   342 | D        | Found a viscous altar of Jiyva.
   342 | D        | Found a shimmering altar of Xom.
   342 | D        | Found a corrupted altar of Lugonu.
   342 | D        | Noticed a slime creature
   358 | D        | Killed a slime creature
   359 | D        | Reached skill level 9 in Fighting
   510 | D        | Noticed Sonja
   517 | D        | Mangled by Sonja

Illustrated notes

Levels and vault maps discovered:
D:        dungeon_sprint_1 [red_sonja_temple_1, red_sonja_temple_small_1]

Skill      XL: |  1  2  3  4  5  6  7 |
---------------+----------------------+-----
Fighting       | 4 6 7 8 9 |  9.1
Maces & Flails | 4 5 6 7 8 |  8.3
Armour         | 2 4 6 7 8 |  8.4
Dodging        | 3 4 5 6 |  6.9
Invocations    | 2 |  2.5

Action                     |  1- 3 |  4- 6 |  7- 9 || total
---------------------------+-------+-------+-------++-------
  Melee: Mace              |    25 |    24 |    19 ||    68
 Invoke: Heroism           |       |       |     2 ||     2
  Evoke: Wand              |     1 |     1 |       ||     2
   Stab: Paralysed         |     8 |     7 |       ||    15
 Armour: Robe              |     4 |       |       ||     4
         Chain mail        |       |     4 |    11 ||    15
  Dodge: Dodged            |     9 |     6 |    14 ||    29

Table legend: (Time is in decaauts)
 A = Elapsed time spent in this place.
 B = Non-inter-level travel time spent in this place.
 C = Inter-level travel time spent in this place.
 D = Time resting spent in this place.
 E = Time spent auto-exploring this place.
 F = Levels seen in this place.
 G = Mean time per level.
                   A        B        C        D        E       F      G
               +--------+--------+--------+--------+--------+-----+--------+
         Total |    522 |    522 |      0 |    269 |      0 |   1 |  522.0 |
       Dungeon |    522 |    522 |      0 |    269 |      0 |   1 |  522.0 |
               +--------+--------+--------+--------+--------+-----+--------+

Top non-repeatable levels by time:
       D: 522 daAuts
